 Dungeon Crawl Stone Soup version 0.28.0-53-g5a82cb258f (webtiles) character file.

Game seed: 777872246296088644

42 cbfl8 the Chopper (level 3, -4/34 HPs)
             Began as a Minotaur Berserker on July 13, 2022.
             Was a Believer of Trog.
             Slain by Sigmund
             ... wielding a +0 scythe
              (10 damage)
             ... on level 2 of the Dungeon.
             The game lasted 00:01:45 (1452 turns).

cbfl8 the Chopper (Minotaur Berserker)              Turns: 1452, Time: 00:01:45

Health: -4/34      AC:  2    Str: 21    XL:     3   Next: 33%
Magic:  2/2        EV: 12    Int:  4    God:    Trog [**....]
Gold:   17         SH:  0    Dex: 11    Spells: 2/2 levels left

rFire   . . .      SeeInvis .   a - +0 hand axe
rCold   . . .      Faith    .   (no shield)
rNeg    . . .      Spirit   .   b - +0 animal skin
rPois   .          Reflect  .   (helmet restricted)
rElec   .          Harm     .   (no cloak)
rCorr   .          Rampage  .   (no gloves)
Will    .....                   (no boots)
Stlth   +.........              (no amulet)
HPRegen 0.11/turn               (no ring)
MPRegen 0.08/turn               (no ring)

@: about to teleport
A: horns 2, retaliatory headbutt
a: Renounce Religion, Berserk, Trog's Hand


You were on level 2 of the Dungeon.
You worshipped Trog.
Trog was pleased with you.
You visited 1 branch of the dungeon, and saw 3 of its levels.

You collected 82 gold pieces.
You spent 65 gold pieces at shops.

Inventory:

Hand Weapons
 a - a +0 hand axe (weapon)
Armour
 b - a +0 animal skin (worn)
Scrolls
 c - a scroll of amnesia {unknown}
 d - a scroll of torment
 e - 2 scrolls of noise
 f - a scroll of fear {unknown}
Potions
 h - a potion of haste {unknown}


   Skills:
 + Level 4.4 Fighting
 + Level 4.5 Axes
 + Level 2.6 Armour
 + Level 2.3 Dodging
 + Level 0.1 Stealth


You had 2 spell levels left.
You didn't know any spells.
Your spell library was empty.

Dungeon Overview and Level Annotations

Branches:
Dungeon (3/15)

Altars:

Shops:
D:1 ?

Annotations:
D:2 Sigmund


Innate Abilities, Weirdness & Mutations

You have a pair of horns on your head.
You reflexively headbutt those who attack you in melee.


Message History

Sigmund is moderately wounded.
Sigmund is nearby!
You hit Sigmund but do no damage.
Sigmund is moderately wounded.
Sigmund points at you and mumbles some strange words.
You are confused.
Sigmund is nearby!
You are too confused!
Sigmund is nearby!
You are too confused!
Sigmund is nearby!
You are too confused!
Sigmund is nearby!
You are too confused!
Sigmund is nearby!
You are too confused!
Sigmund is nearby!
You are too confused!
Sigmund is nearby!
You are too confused!
You are too confused!
Okay, then.
Sigmund hits you from afar with a +0 scythe.
You bump into the rock wall.
Sigmund gestures wildly while chanting.
Sigmund flickers and vanishes!
Deactivating autopickup; reactivate with Ctrl-A.
Something hits you!
You bump into the rock wall.
Okay, then.
You miss something. Your punch misses something. Something barely misses you.
You bump into the rock wall.
You feel less confused. Something hits you.
You barely miss something. Your headbutt misses something. Something hits you!
* * * LOW HITPOINT WARNING * * *
As you read the scroll of teleportation, it crumbles to dust.
You feel strangely unstable. Something hits you!
You die...

#.#.# #.# ### #.#.#
#.#######.# #.#.#
#.#.......#
..#.#####'###.###.#
..#.........#.# #.#
#......)..#.# #.#
#.........'.# #.#
##........#####.#
..........#.{.@.#
##........#.###.#
#<........# #.#
#.........# ###
#.######### #.. ###


There were no monsters in sight!

Vanquished Creatures
  A worm (D:2)
  A dart slug (D:1)
  4 ball pythons
  A bat (D:1)
  4 endoplasms
  4 goblins
  3 hobgoblins (D:1)
  5 jackals (D:1)
  2 quokkas (D:1)
  A frilled lizard (D:2)
  2 kobolds
  3 rats (D:1)
31 creatures vanquished.

Notes
Turn   | Place    | Note
-------+----------+-------------------------------------------
     0 | D:1      | cbfl8 the Minotaur Berserker began the quest for the Orb.
     0 | D:1      | Reached XP level 1. HP: 19/19 MP: 0/0
    14 | D:1      | Found a faded altar of an unknown god.
   235 | D:1      | Reached XP level 2. HP: 27/27 MP: 1/1
   824 | D:1      | Found Cizyagon's Magic Scroll Shoppe.
   850 | D:1      | Bought a scroll of identify for 26 gold pieces
   852 | D:1      | Bought a scroll of teleportation for 39 gold pieces
  1027 | D:1      | Reached XP level 3. HP: 27/33 MP: 2/2
  1196 | D:2      | You fall into a shaft and drop 1 floor!
  1411 | D:2      | Reached ** piety under Trog
  1439 | D:2      | Noticed Sigmund
  1452 | D:2      | Slain by Sigmund

Illustrated notes

Levels and vault maps discovered:
D:1:      shiori_arrival_maze, layout_loops_cross,
          hellmonk_ecumenical_altar_heavens_door, serial_shops, shop
D:2:      layout_basic, uniq_sigmund
D:3:      layout_rooms, overflow_temple_1_default, serial_shops, shop_fountains,
          uniq_crazy_yiuf_cottage

Skill      XL: |  1  2 |
---------------+-------+-----
Fighting       | 4 |  4.4
Axes           | 4 |  4.5
Armour         | |  2.6
Dodging        | |  2.3
Stealth        | |  0.1

Action                   || total
-------------------------++-------
Melee: Hand axe          ||    66
       Headbutt          ||    10
       Punch             ||     1
  Use: Scroll            ||     3
 Stab: Sleeping          ||     1
Armor: Animal skin       ||    12
Dodge: Dodged            ||    37
